Map: Alcyone LE

Players

Reynor

  • Race: Zerg Zerg
  • League: Master
  • Spawn Location: 1:00

Oliveira - Winner!

  • Race: Terran Terran
  • Spawn Location: 7:00

Event: Bellum Gens Elite Stara Zagora 2024

VOD

Have the link to the VOD?

Description

Time

  • Played on: Sept. 8, 2024, 11:19 a.m.
  • Length: 17:48

All games in this series

Show
View Real Time Build Order
Export as new Build Order

Reynor Zerg 

Build Orders: Hatch First, Lurkers 

Get SALT Encoding   

  12  0:00  Drone  
  13  0:12  Overlord  
  13  0:16  Drone  
  14  0:30  Drone x2  
  16  0:47  Hatchery  
  15  0:51  Drone  
  15  0:54  Drone  
  17  0:57  Drone  
  18  1:08  Extractor  
  17  1:13  Spawning Pool  
  17  1:16  Drone  
  17  1:19  Drone  
  18  1:27  Drone  
  19  1:38  Drone  
  20  1:49  Drone  
  21  2:00  Zergling x2, Queen x2  
  21  2:01  Zergling x2  
  27  2:13  Hatchery  
  26  2:18  Overlord  
  26  2:20  Drone  
  27  2:23  Drone  
  28  2:35  Metabolic Boost  
  28  2:40  Spore Crawler  
  28  2:41  Drone x2  
  28  2:42  Drone  
  29  2:46  Queen  
  29  2:51  Overlord  
  31  2:54  Drone  
  31  2:56  Drone  
  33  2:58  Drone  
  33  3:04  Drone  
  35  3:10  Queen  
  35  3:12  Overlord  
  37  3:15  Drone x2  
  37  3:19  Spore Crawler  
  38  3:22  Drone x2  
  38  3:24  Spore Crawler  
  40  3:29  Drone x2  
  40  3:32  Overlord  
  40  3:34  Drone  
  44  3:37  Drone x2  
  44  3:38  Drone  
  44  3:39  Drone  
  47  3:43  Drone  
  47  3:46  Queen  
  50  3:49  Drone  
  50  3:52  Drone x2  
  50  3:54  Drone  
  54  3:58  Queen  
  54  4:00  Drone  
  57  4:04  Queen  
  57  4:07  Overlord  
  57  4:09  Drone  
  60  4:10  Drone  
  60  4:12  Drone x2  
  60  4:16  Zergling x4  
  65  4:19  Overlord  
  65  4:25  Queen  
  65  4:26  Drone x2, Overlord  
  65  4:28  Drone  
  65  4:29  Drone  
  71  4:31  Drone x2  
  71  4:37  Queen, Overlord  
  75  4:39  Drone  
  75  4:40  Drone  
  77  4:46  Lair  
  77  4:47  Drone x3  
  77  4:50  Zergling x2  
  81  4:54  Zergling x8  
  85  5:00  Spore Crawler  
  85  5:01  Drone, Extractor  
  85  5:03  Drone  
  85  5:05  Hatchery, Drone, Spore Crawler  
  84  5:09  Zergling x6  
  84  5:11  Overlord  
  84  5:13  Spore Crawler  
  86  5:15  Queen  
  86  5:17  Drone  
  86  5:18  Drone  
  86  5:19  Drone  
  86  5:21  Drone  
  92  5:22  Drone x2  
  92  5:25  Overlord  
  92  5:27  Drone  
  95  5:30  Overlord  
  96  5:37  Drone x2, Evolution Chamber x2, Extractor  
  96  5:40  Drone x3, Hatchery  
  96  5:41  Overlord  
  97  5:45  Overseer  
  97  5:47  Drone  
  97  5:48  Drone  
  97  5:49  Extractor  
  98  5:51  Overlord, Baneling Nest  
  98  5:57  Drone x3, Overlord  
  99  5:58  Drone  
  99  6:00  Drone  
  99  6:01  Hatchery  
  99  6:02  Drone  
  99  6:04  Extractor  
  102  6:09  Extractor  
  102  6:11  Zerg Melee Weapons Level 1, Zerg Ground Armor Level 1  
  101  6:12  Drone x3  
  101  6:15  Overlord  
  101  6:18  Zergling x2  
  105  6:22  Spore Crawler  
  105  6:23  Zergling x6  
  105  6:25  Zergling x8  
  111  6:30  Zergling x4  
  113  6:35  Drone x2  
  113  6:36  Centrifugal Hooks, Zergling x4  
  118  6:40  Zergling x2  
  118  6:47  Baneling x4  
  118  6:49  Zergling x4  
  118  6:50  Hydralisk Den  
  118  6:54  Drone  
  120  6:55  Overlord  
  120  6:58  Drone  
  122  7:01  Zergling x2  
  122  7:02  Hatchery  
  122  7:04  Baneling x3  
  122  7:06  Overlord  
  122  7:07  Drone x4  
  126  7:08  Drone x2  
  126  7:12  Drone  
  126  7:13  Overlord  
  126  7:14  Baneling x3  
  126  7:15  Zergling x6  
  131  7:18  Zergling x2  
  131  7:21  Queen  
  134  7:24  Zergling x6, Muscular Augments  
  134  7:29  Baneling  
  133  7:30  Hydralisk x2  
  133  7:31  Zergling x2  
  133  7:33  Hydralisk  
  133  7:34  Zergling x12  
  143  7:43  Drone x2  
  145  7:45  Hydralisk x3  
  145  7:46  Hydralisk x2  
  145  7:48  Overlord, Hydralisk  
  145  7:49  Hydralisk  
  157  7:52  Overlord  
  156  8:01  Overlord  
  156  8:04  Drone x4, Infestation Pit  
  159  8:07  Zerg Melee Weapons Level 2, Zerg Ground Armor Level 2  
  159  8:11  Baneling x4  
  159  8:13  Drone  
  159  8:17  Zergling x20  
  170  8:22  Hydralisk x2  
  170  8:24  Zergling x4  
  174  8:30  Zergling x2  
  174  8:31  Overseer  
  166  8:34  Zergling x6  
  166  8:37  Overlord  
  166  8:38  Drone x4  
  167  8:49  Zergling x20  
  167  8:50  Hive  
  167  8:53  Lurker Den  
  167  8:54  Baneling x10  
  176  8:58  Drone x3  
  176  9:01  Extractor  
  176  9:02  Extractor  
  177  9:03  Zergling x4  
  177  9:09  Zergling x16  
  174  9:10  Baneling x5  
  174  9:11  Baneling x3  
  174  9:12  Zergling x6  
  174  9:14  Zergling x2  
  174  9:16  Hydralisk  
  163  9:20  Zergling x4  
  163  9:21  Queen  
  163  9:22  Zergling x6  
  155  9:28  Drone x2  
  157  9:31  Baneling x14  
  157  9:32  Zergling x2  
  157  9:33  Zergling x8  
  161  9:43  Zergling x2  
  161  9:44  Zergling x16  
  166  9:51  Lurker Den  
  154  10:06  Drone x2  
  151  10:07  Seismic Spines  
  151  10:09  Zergling x36, Extractor  
  149  10:28  Nydus Network  
  149  10:30  Zergling x22  
  149  10:31  Hatchery  
  158  10:39  Overseer  
  158  10:51  Baneling x5, Hydralisk x3  
  158  10:52  Hydralisk  
  158  10:53  Lurker  
  158  10:54  Lurker x7  
  158  10:56  Overseer  
  174  10:58  Zergling x2  
  174  10:59  Zergling x14  
  174  11:01  Pneumatized Carapace  
  182  11:07  Lurker  
  182  11:10  Adaptive Talons  
  183  11:15  Hatchery  
  182  11:18  Drone x2  
  182  11:19  Overlord  
  182  11:31  Overlord  
  180  11:33  Baneling  
  180  11:34  Baneling x7  
  180  11:35  Zergling x4  
  180  11:36  Zergling x2  
  180  11:39  Viper  
  180  11:43  Baneling x7, Zergling x16  
  180  11:44  Zergling x8  
  188  11:48  Queen  
  189  11:55  Zergling x2  
  189  11:56  Zergling x6  
  189  11:57  Overseer  
  189  12:00  Overlord  
  189  12:09  Nydus Canal  
  189  12:12  Overseer  
  186  12:17  Zergling x6  
  186  12:18  Zergling x2  
  168  12:24  Zergling x2, Nydus Canal  
  168  12:25  Zergling x20  
  168  12:29  Zergling x2, Hydralisk x2  
  181  12:33  Baneling  
  181  12:34  Baneling  
  181  12:43  Nydus Canal  
  175  12:44  Zergling x10  
  175  12:49  Lurker x4  
  175  12:50  Zergling x8, Hydralisk x2  
  175  12:51  Zergling x4  
  185  12:55  Baneling  
  185  12:56  Baneling x6  
  185  12:59  Zergling x6  
  185  13:00  Hydralisk  
  185  13:02  Overseer  
  184  13:06  Hydralisk  
  184  13:07  Zergling x2, Hydralisk  
  182  13:13  Zergling x2, Overseer, Hydralisk  
  182  13:17  Queen  
  176  13:21  Zergling x4, Hydralisk  
  176  13:22  Zergling x4  
  176  13:23  Zergling x2  
  173  13:28  Spore Crawler  
  173  13:30  Zergling x10  
  173  13:32  Nydus Canal  
  170  13:35  Zergling x4  
  170  13:38  Zergling x2  
  170  13:40  Zergling x2  
  165  13:47  Zergling x4  
  149  13:56  Zergling x8  
  149  14:00  Hydralisk  
  149  14:01  Zergling x2  
  152  14:05  Nydus Canal  
  152  14:06  Zergling x2, Hydralisk  
  152  14:07  Zergling x2  
  152  14:09  Queen  
  146  14:11  Zergling x2  
  146  14:13  Drone  
  146  14:14  Drone  
  146  14:16  Hydralisk x2  
  154  14:21  Lurker  
  154  14:22  Lurker x6  
  154  14:23  Hydralisk  
  154  14:24  Hydralisk  
  161  14:28  Hydralisk x2  
  161  14:29  Zergling x2  
  160  14:35  Lurker  
  160  14:38  Zergling x8  
  165  14:43  Nydus Canal  
  165  14:47  Zergling x12  
  168  14:54  Overlord  
  168  14:55  Zergling x6  
  168  14:58  Nydus Canal  
  161  15:01  Zergling x8  
  161  15:08  Zergling x6  
  164  15:14  Nydus Canal  
  164  15:21  Zergling x16  
  168  15:40  Nydus Canal  
  169  15:42  Zergling x2  
  169  15:43  Zergling x18  
  169  15:48  Zergling x6  
  169  15:49  Overlord  
  180  15:57  Nydus Canal  
  180  16:01  Lurker x7  
  178  16:04  Zergling x2  
  178  16:05  Zergling x4  
  178  16:09  Zergling x4, Hydralisk  
  182  16:21  Nydus Canal  
  182  16:25  Zergling x2  
  182  16:26  Zergling x6  
  182  16:32  Hatchery, Overlord  
  185  16:33  Overseer  
  185  16:38  Overseer  
  185  16:39  Nydus Canal  
  185  16:49  Zergling x12  
  176  16:59  Overseer  
  176  17:00  Hydralisk  
  176  17:01  Zergling x20  
  150  17:04  Hydralisk  
  135  17:12  Zergling x6  
  135  17:13  Zergling x4  
  133  17:16  Overseer  
  133  17:22  Zergling x4  
  131  17:25  Zergling x2  
Show
View Real Time Build Order
Export as new Build Order

Oliveira Terran - Winner!

Build Orders: Reaper Expand, Hellion Banshee 

Get SALT Encoding   

  12  0:00  SCV  
  13  0:12  SCV  
  14  0:17  Supply Depot  
  14  0:24  SCV  
  15  0:39  SCV, Barracks  
  16  0:43  Refinery  
  16  0:51  SCV  
  17  1:03  SCV  
  18  1:15  SCV  
  19  1:27  Reaper  
  19  1:28  Orbital Command  
  20  1:38  Command Center  
  20  1:48  Supply Depot  
  20  1:54  SCV  
  20  1:59  Marine  
  22  2:06  SCV  
  23  2:12  Factory  
  23  2:19  SCV  
  23  2:22  Barracks Reactor  
  24  2:31  SCV  
  24  2:36  Command Center  
  25  2:43  SCV  
  26  2:51  Orbital Command  
  26  2:55  SCV  
  27  3:00  Starport  
  27  3:04  Refinery  
  27  3:08  SCV  
  27  3:10  Barracks Tech Lab  
  28  3:14  Hellion x2  
  28  3:17  SCV  
  33  3:20  SCV  
  34  3:29  SCV  
  34  3:33  SCV  
  36  3:36  Hellion x2  
  40  3:41  SCV  
  40  3:43  Banshee  
  40  3:44  Marine  
  40  3:45  SCV  
  46  3:52  Orbital Command  
  46  3:53  SCV  
  46  3:55  Cloaking Field  
  47  3:57  SCV  
  50  4:03  Hellion x2  
  50  4:04  Barracks Tech Lab  
  50  4:07  SCV  
  53  4:10  SCV  
  53  4:11  Supply Depot  
  54  4:19  SCV  
  54  4:20  SCV  
  54  4:22  SCV  
  57  4:26  Banshee  
  57  4:29  Barracks  
  57  4:31  SCV, Barracks  
  61  4:35  SCV  
  61  4:37  SCV, Factory Reactor  
  63  4:39  Supply Depot  
  63  4:43  SCV, Marine  
  63  4:45  Stimpack  
  65  4:47  SCV  
  65  4:49  SCV  
  67  4:53  Engineering Bay x2  
  67  4:55  Refinery  
  67  4:56  SCV, Refinery  
  67  4:59  Orbital Command, SCV  
  69  5:01  Supply Depot  
  69  5:08  Supply Depot, SCV  
  71  5:14  SCV  
  71  5:18  Barracks  
  71  5:19  Barracks  
  72  5:21  SCV  
  72  5:24  Starport Reactor  
  72  5:26  Terran Infantry Weapons Level 1  
  72  5:30  Marine x2, Factory Reactor  
  72  5:31  SCV  
  72  5:32  SCV  
  72  5:33  Terran Infantry Armor Level 1  
  77  5:35  SCV  
  77  5:38  Marine  
  77  5:42  Marine  
  79  5:43  SCV  
  79  5:44  SCV  
  79  5:47  Supply Depot x2, SCV  
  79  5:49  Marine  
  83  5:52  Marine  
  83  5:55  SCV, Marine  
  83  5:56  SCV  
  87  5:58  Marine  
  87  6:00  SCV  
  87  6:01  Medivac x2  
  93  6:08  Supply Depot x2  
  93  6:09  SCV, Widow Mine, Armory  
  93  6:10  SCV  
  97  6:12  Marine  
  97  6:13  Barracks Reactor  
  97  6:14  Barracks Reactor  
  97  6:16  SCV  
  99  6:20  Marine  
  99  6:21  Marine, Refinery  
  99  6:23  Marine  
  99  6:24  Marine  
  99  6:25  Combat Shield, SCV  
  104  6:28  Widow Mine  
  104  6:30  SCV x2, Marine  
  109  6:35  Factory  
  109  6:38  Marine  
  110  6:41  Marine x2  
  110  6:42  Marine  
  110  6:43  Widow Mine, Medivac  
  110  6:46  SCV  
  118  6:47  Marine  
  118  6:50  Medivac  
  118  6:51  Marine x2  
  123  6:58  Supply Depot  
  123  7:03  Marine  
  123  7:06  Marine  
  123  7:08  Widow Mine x2  
  129  7:09  SCV x2  
  129  7:10  SCV, Refinery  
  129  7:11  Command Center  
  129  7:13  Marine  
  133  7:19  Marine  
  134  7:27  Siege Tank  
  134  7:29  Terran Infantry Armor Level 2, Terran Infantry Weapons Level 2, Drilling Claws  
  137  7:30  Marine  
  137  7:34  Marine x2  
  137  7:36  Widow Mine x2  
  141  7:41  Supply Depot  
  141  7:42  SCV, Marine x3, Liberator  
  141  7:43  Supply Depot  
  148  7:53  Marine  
  149  8:03  Siege Tank, Marine x5  
  149  8:04  Liberator, Marine  
  149  8:05  Supply Depot, Widow Mine x2  
  165  8:06  Supply Depot  
  165  8:13  Terran Vehicle Weapons Level 1  
  165  8:22  SCV x3, Marine x3  
  165  8:24  Marine x2  
  173  8:28  Marine  
  173  8:30  Liberator, Widow Mine x2  
  173  8:31  Marine  
  177  8:34  SCV  
  177  8:35  SCV, Marine x2  
  177  8:38  Siege Tank  
  184  8:43  Marine x2  
  184  8:44  Marine  
  179  8:49  Marine x2  
  179  8:51  Marine  
  179  8:53  Widow Mine x2  
  186  8:56  Planetary Fortress  
  186  8:57  Barracks x2  
  186  8:58  Marine  
  186  8:59  Barracks  
  177  9:10  Marine x2  
  177  9:11  Siege Tank  
  173  9:20  Marine x4  
  151  9:24  Marine  
  151  9:26  Liberator x2, Widow Mine x2  
  151  9:29  Marine  
  151  9:30  Marine  
  151  9:31  Marine  
  165  9:32  Marine  
  165  9:38  Command Center  
  166  9:43  Marine  
  167  9:46  Marine  
  167  9:48  Marine  
  167  9:49  Barracks Tech Lab x2, Marine  
  167  9:50  Barracks Tech Lab  
  167  9:51  Siege Tank  
  167  9:52  Widow Mine x2  
  175  9:57  Ghost Academy  
  156  10:18  SCV  
  156  10:19  Widow Mine x2  
  156  10:20  Refinery x2  
  156  10:21  Medivac x2  
  160  10:25  Ghost x3  
  160  10:26  Ghost  
  166  10:29  Siege Tank  
  166  10:31  SCV x2  
  166  10:35  Missile Turret  
  171  10:36  Sensor Tower  
  171  10:37  Missile Turret  
  171  10:43  Personal Cloaking  
  171  10:45  SCV  
  171  10:47  Missile Turret x2  
  171  10:48  Missile Turret  
  171  10:49  Missile Turret  
  170  10:50  Terran Infantry Weapons Level 3  
  170  10:51  Marine x3  
  170  10:52  Marine x2  
  170  10:53  Ghost, Widow Mine  
  170  10:55  Marine  
  180  10:58  Medivac  
  182  11:05  Command Center  
  182  11:06  Medivac  
  182  11:19  Marine  
  182  11:21  Siege Tank  
  182  11:23  Widow Mine x2  
  190  11:36  Marine x3  
  190  11:38  Medivac x2  
  193  11:47  Marine x3  
  193  11:51  Factory  
  191  11:54  Command Center  
  191  12:10  Marine x2  
  191  12:11  Marauder  
  187  12:22  Ghost x3  
  165  12:23  Marine x2  
  165  12:28  Marine x2  
  172  12:32  Ghost  
  172  12:34  Marine  
  172  12:35  Siege Tank, Widow Mine x2  
  174  12:45  Marine x2  
  174  12:48  Marine  
  174  12:49  Marine  
  174  12:50  Marine, Ghost  
  174  12:51  Ghost, Marauder  
  163  12:54  Factory Tech Lab  
  167  13:00  Marine x2  
  167  13:01  Marine x2  
  164  13:07  Widow Mine x2  
  164  13:08  Marine  
  164  13:09  Marine, Medivac x2  
  164  13:12  Ghost  
  164  13:13  Marine  
  164  13:17  Orbital Command, Marine  
  164  13:18  Marine  
  164  13:19  Ghost  
  159  13:24  Marine x3, Marauder x2  
  141  13:38  SCV  
  141  13:40  Marine x2  
  143  13:41  SCV, Marauder  
  143  13:42  Planetary Fortress  
  143  13:43  Marine x2  
  143  13:46  SCV, Marauder  
  149  13:50  Supply Depot  
  149  13:51  Supply Depot, Marine x2, Marauder  
  149  13:55  Marine x2  
  148  13:56  Marauder  
  149  14:06  SCV x3, Widow Mine x2  
  149  14:07  Orbital Command, Planetary Fortress  
  149  14:08  Marine x2, Marauder  
  154  14:12  Ghost  
  154  14:14  SCV  
  154  14:17  Marine x2  
  151  14:19  SCV  
  151  14:21  SCV  
  151  14:22  SCV  
  156  14:26  SCV  
  156  14:30  SCV  
  147  14:31  SCV  
  147  14:34  SCV  
  147  14:35  SCV  
  147  14:38  SCV  
  151  14:41  Siege Tank  
  151  14:42  SCV, Widow Mine  
  156  14:48  SCV  
  152  14:57  Marauder  
  152  14:58  SCV  
  146  15:01  Ghost  
  146  15:03  SCV, Marauder x2  
  152  15:08  Siege Tank  
  152  15:12  Concussive Shells  
  152  15:13  SCV  
  152  15:14  SCV x4  
  158  15:18  Marauder  
  162  15:24  Marauder  
  162  15:26  SCV x2  
  165  15:29  Refinery, Command Center  
  165  15:32  Supply Depot  
  165  15:34  Refinery  
  165  15:35  SCV  
  165  15:36  Refinery  
  165  15:37  Marauder  
  165  15:39  SCV  
  168  15:45  Marauder  
  170  15:55  Ghost x2  
  169  16:02  SCV  
  168  16:05  SCV  
  168  16:09  Orbital Command  
  168  16:10  Ghost x2  
  173  16:13  Siege Tank  
  173  16:17  Supply Depot  
  173  16:18  Supply Depot x2  
  176  16:23  Widow Mine  
  178  16:38  Siege Tank, Widow Mine  
  181  16:52  Orbital Command  
  172  17:02  Ghost x2  
  172  17:04  Factory Tech Lab  
  168  17:18  Widow Mine  
  168  17:19  Widow Mine  
  172  17:28  SCV  
  163  17:32  Factory Tech Lab  
Tags
 
Add a new tag
Caveats
  • Supply blocks, unpowered buildings, or Contaminate may cause inaccurate times.
  • Supply counts are checked every 10 seconds.